 Dungeon Crawl Stone Soup version 0.20.0-3-g22ec75f (webtiles) character file.

3324 Jannitor the Sneak (level 9, -5/68 HPs)
             Began as a Demonspawn Wanderer on May 27, 2017.
             Was an Elder of Dithmenos.
             Slain by a bullfrog (8 damage)
             ... while paralysed by a hornet
             ... on level 8 of the Dungeon.
             The game lasted 00:48:18 (11940 turns).

Jannitor the Sneak (Demonspawn Wanderer)           Turns: 11940, Time: 00:48:19

Health: -5/68      AC:  4    Str: 19    XL:     9   Next: 71%
Magic:  20/21      EV:  2    Int: 16    God:    Dithmenos [****..]
Gold:   588        SH:  0    Dex: 17    Spells: 5/12 levels left

rFire    + + .     SeeInvis .   (no weapon)
rCold    + + .     Gourm    .   (no shield)
rNeg     + + .     Faith    .   G - +1 robe {rN+}
rPois    .         Spirit   .   (helmet restricted)
rElec    .         Reflect  .   f - scarf {rC+ rF+}
rCorr    .         Harm     .   (no gloves)
MR       +....                  (no boots)
Stlth    +++++++++.             (no amulet)
Regen    0.3/turn               n - ring of magical power
MPRegen  0.2/turn               L - ring of Noel {rF+ rN+ Str+6 Dex+4}

@: paralysed, confusing touch, slowed, wreathed by umbra
A: antennae 1, beak, slimy green scales 1, cold resistance 1, deformed body,
magic resistance 1, nightstalker 2
a: Shadow Step, Renounce Religion


You were on level 8 of the Dungeon.
You worshipped Dithmenos.
Dithmenos was greatly pleased with you.
You were not hungry.

You visited 2 branches of the dungeon, and saw 10 of its levels.
You also visited: Ossuary.

You collected 744 gold pieces.
You spent 156 gold pieces at shops.

Inventory:

Hand Weapons
 e - a +0 club
 r - a +1 dagger
 B - a +0 hand crossbow
 S - a +1 dagger of electrocution
Missiles
 j - 5 curare-tipped needles
 x - 187 stones (quivered)
 y - 5 tomahawks
 z - 6 bolts
 E - 90 arrows
 Q - 16 sling bullets
Armour
 f - a scarf of resistance (worn)
 s - a cursed +0 buckler
 D - a scarf of cloud immunity
 G - a +1 robe of positive energy (worn)
Jewellery
 m - an uncursed ring of protection from fire
 n - a ring of magical power (left hand)
 K - an uncursed amulet of magic regeneration
 L - the ring of Noel (right hand) {rF+ rN+ Str+6 Dex+4}
   (You found it on level 5 of the Dungeon)

   [ring of protection from fire]

   It affects your strength (+6).
   It affects your dexterity (+4).
   It protects you from fire.
   It protects you from negative energy.
 T - an uncursed ring of protection from magic {unknown}
 U - an uncursed ring of magical power
Wands
 R - a wand of disintegration (9/24)
Scrolls
 k - a scroll of fear
 l - 3 scrolls of remove curse
 p - 2 scrolls of identify
 F - 3 scrolls of recharging {unknown}
 H - 2 scrolls of magic mapping
 J - a scroll of teleportation {unknown}
 M - 2 scrolls of enchant armour
 O - a scroll of amnesia
 P - 2 scrolls of noise {unknown}
Potions
 b - 3 potions of curing
 d - a potion of flight {unknown}
 i - a potion of lignification
 o - a potion of magic
 t - a potion of agility
 u - 2 potions of might
 v - a potion of cancellation
 w - a potion of invisibility {unknown}
 C - a potion of mutation
 I - 3 potions of heal wounds
 N - a potion of berserk rage {unknown}
Books
 a - a book of Minor Magic

   Spells                             Type                      Level
   a - Magic Dart                     Conjuration                  1
   b - Blink                          Translocation                2
   c - Call Imp                       Summoning                    2
   d - Slow                           Hexes                        2
   e - Conjure Flame                  Conjuration/Fire             3
   f - Mephitic Cloud                 Conjuration/Poison/Air       3
 c - Vemo's Grimoire of Battle Magic

   Spells                             Type                      Level
   a - Sting                          Conjuration/Poison           1
   b - Static Discharge               Conjuration/Air              3
 h - a book of Cantrips

   Spells                             Type                      Level
   a - Confusing Touch                Hexes                        1
   b - Animate Skeleton               Necromancy                   1
   c - Summon Small Mammal            Summoning                    1
   d - Apportation                    Translocation                1
Comestibles
 g - 5 royal jellies
 q - 3 meat rations
 A - 5 bread rations


   Skills:
 + Level 5.6 Fighting
 + Level 4.9 Short Blades
 + Level 4.6 Crossbows
 - Level 1.0 Throwing
 + Level 7.0 Stealth
 - Level 2.3 Spellcasting
 - Level 5.1 Conjurations
 - Level 5.1 Hexes
   Level 2.1 Necromancy
   Level 1.0 Fire Magic
 - Level 1.0 Evocations


You had 5 spell levels left.
You knew the following spells:

 Your Spells              Type           Power        Failure   Level  Hunger
a - Magic Dart            Conj           ###.         2%          1    #......
b - Sting                 Conj/Pois      ##..         7%          1    #......
c - Blink                 Tloc           N/A          30%         2    ###....
d - Confusing Touch       Hex            ###...       2%          1    #......
e - Slow                  Hex            ###.....     3%          2    ###....


Dungeon Overview and Level Annotations

Branches:
Dungeon (9/15)             Temple (1/1) D:6
   Lair: D:8-11         Orc: D:9-12

Altars:
Ashenzari
Cheibriados
Dithmenos
Elyvilon
Fedhas
Hepliaklqana
Makhleb
Nemelex Xobeh
Okawaru
Qazlal
Sif Muna
Trog
Uskayaw
Vehumet
Xom
Yredelemnul
Zin
The Shining One

Shops:
D:4 }[*   D:8 *

Annotations:
D:5 exclusion: 2 gnolls
D:6 exclusion: downstairs, Glitchraptor's ghost, novice HOAK
D:8 exclusion: downstairs


Innate Abilities, Weirdness & Mutations

You have a pair of small antennae on your head.
You are partially covered in slimy green scales. (AC +2)
You are significantly more attuned to the shadows.
You have a beak for a mouth.
Your flesh is cold resistant. (rC+)
Armour fits poorly on your strangely shaped body.
You are resistant to hostile enchantments. (MR+)


Message History

Your +1 dagger of electrocution stops crackling.
You are now empty-handed.
The hornet barely misses you. The bullfrog hits you.
Really attack barehanded? [Y]es or [N]o only, please.
Really attack barehanded?
You hit the hornet but do no damage. The hornet completely misses you.
The bullfrog closely misses you.
You barely miss the hornet. You peck the hornet, but do no damage.
Your shadow hits the hornet but does no damage.
The hornet stings you!
You suddenly lose the ability to move!
The bullfrog hits you. x2; The hornet stings you!!
You feel yourself slow down.
You feel yourself speed up. The hornet stings you!
* * * LOW HITPOINT WARNING * * *
You feel yourself slow down. The bullfrog barely misses you.
You feel yourself speed up. The hornet stings you!
* * * LOW HITPOINT WARNING * * *
You feel yourself slow down. The bullfrog hits you!
You die...

#......########
#......#.......
#......#.......
#......#.......
#......##'######
.......y...#...########
......F@...#...........
.....).....'............
...........#..))........
...........#..)..).....
..........)###)###...##
...........)....)#...###
.....######).....#...##.
..... #......+...#..
..... #......#...#..


You could see a hornet and a bullfrog.

Vanquished Creatures
  A hippogriff (D:7)
  2 wraiths (D:7)
  An orc warrior (D:8)
  A sky beast (D:6)
  2 phantoms
  A necrophage (D:8)
  An ogre (D:5)
  2 centaurs
  5 bullfrogs
  An elf skeleton (D:7)
  3 scorpions
  A troll zombie (D:7)
  4 killer bees (D:7)
  4 wights (D:7)
  2 centaur zombies
  3 crimson imps
  A bullfrog zombie (D:5)
  3 orc priests
  A hound (D:4)
  A jelly (D:5)
  A bullfrog skeleton (D:6)
  A gnoll shaman (D:7)
  3 human zombies (D:7)
  2 human skeletons (D:7)
  2 iguanas (D:7)
  4 orc wizards
  5 worker ants
  A hound zombie (D:7)
  11 mummies
  7 gnolls
  7 adders
  2 shadow imps (D:6)
  2 adder skeletons (D:4)
  2 worms
  5 dart slugs
  4 leopard geckos
  35 orcs
  8 giant cockroaches
  4 goblins
  7 hobgoblins
  4 jackals (D:2)
  4 quokkas
  3 ball pythons
  6 bats
  6 frilled lizards
  A hobgoblin zombie (Ossuary)
  A jackal skeleton (D:8)
  13 kobolds
  5 kobold zombies (Ossuary)
  A leopard gecko skeleton (D:6)
  2 orc zombies (Ossuary)
  10 rats
  A fungus (D:7)
210 creatures vanquished.

Vanquished Creatures (collateral kills)
  A shadow imp (D:7)
1 creature vanquished.

Vanquished Creatures (others)
  12 fungi (D:7)
12 creatures vanquished.

Grand Total: 223 creatures vanquished

Notes
Turn   | Place    | Note
-------+----------+-------------------------------------------
     0 | D:1      | Jannitor the Demonspawn Wanderer began the quest for the Orb.
     0 | D:1      | Jannitor set off with: a book of Minor Magic, a potion of curing, Vemo's Grimoire of Battle Magic, a +0 robe, a +0 club, a bread ration
     0 | D:1      | Reached XP level 1. HP: 13/13 MP: 2/2
     0 | D:1      | Identified Vemo's Grimoire of Battle Magic
     2 | D:1      | Learned a level 1 spell: Magic Dart
   538 | D:1      | Gained mutation: You have a pair of small antennae on your head. [demonic ancestry]
   538 | D:1      | Reached XP level 2. HP: 19/19 MP: 1/4
  1315 | D:2      | Reached XP level 3. HP: 24/24 MP: 1/5
  1378 | D:2      | Found a faded altar of an unknown god.
  1425 | D:2      | Became a worshipper of Dithmenos the Shadowed
  1425 | D:2      | Reached * piety under Dithmenos
  1803 | D:2      | Found an iron altar of Okawaru.
  2336 | D:2      | Reached skill level 5 in Conjurations
  2470 | D:3      | Gained mutation: You are slightly more attuned to the shadows. [demonic ancestry]
  2470 | D:3      | Reached XP level 4. HP: 22/30 MP: 0/7
  2683 | D:2      | Reached ** piety under Dithmenos
  3617 | D:3      | Learned a level 1 spell: Sting
  3765 | D:3      | Reached skill level 1 in Fighting
  4138 | D:3      | Reached skill level 1 in Stealth
  4415 | D:3      | Reached XP level 5. HP: 37/37 MP: 1/8
  4740 | D:4      | Found Ruixuem's Antique Armour Boutique.
  4746 | D:4      | Bought an embroidered robe for 96 gold pieces
  5060 | D:4      | Found Covun's Gadget Boutique.
  5203 | D:4      | Noticed a dagger
  5204 | D:4      | Noticed a hand axe
  5207 | D:4      | Found a hide-covered altar of Uskayaw.
  5298 | D:4      | Reached skill level 1 in Short Blades
  5358 | D:4      | Reached skill level 1 in Crossbows
  5578 | D:4      | Reached skill level 2 in Stealth
  5836 | D:4      | Reached XP level 6. HP: 44/44 MP: 9/9
  5886 | D:4      | Reached *** piety under Dithmenos
  6056 | D:4      | Found a burning altar of Makhleb.
  6080 | D:4      | Found Inischyn's General Store.
  6084 | D:4      | Bought a potion of heal wounds for 60 gold pieces
  6138 | D:5      | Entered Level 5 of the Dungeon
  6221 | D:5      | Reached skill level 3 in Stealth
  6498 | D:5      | Got a glittering copper ring
  6523 | D:5      | Identified the ring of Noel {rF+ rN+ Str+6 Dex+4} (You found it on level 5 of the Dungeon)
  6829 | D:5      | Gained mutation: You are partially covered in slimy green scales. (AC +2) [demonic ancestry]
  6829 | D:5      | Reached XP level 7. HP: 31/51 MP: 10/10
  7023 | D:6      | Found a bloodstained altar of Trog.
  7046 | D:6      | Found a sand-covered staircase.
  7085 | D:6      | Reached skill level 4 in Stealth
  7154 | Ossuary  | Entered an ossuary
  7957 | Ossuary  | Gained mutation: You have a beak for a mouth. [potion of mutation]
  7957 | Ossuary  | Gained mutation: Your flesh is cold resistant. (rC+) [potion of mutation]
  8010 | D:6      | Noticed Glitchraptor's ghost (novice HOAK)
  8280 | D:6      | Found a staircase to the Ecumenical Temple.
  8286 | Temple   | Entered the Ecumenical Temple
  8327 | D:7      | Noticed a hippogriff
  8350 | D:6      | Gained mutation: You are significantly more attuned to the shadows. [demonic ancestry]
  8350 | D:6      | Reached XP level 8. HP: 35/60 MP: 11/11
  8505 | D:6      | Gained mutation: You are resistant to hostile enchantments. (MR+) [mutagenic meat]
  8506 | D:6      | Gained mutation: Armour fits poorly on your strangely shaped body. [mutagenic meat]
  8513 | D:7      | Reached skill level 5 in Stealth
  8665 | D:7      | Reached **** piety under Dithmenos
  8910 | D:7      | Learned a level 2 spell: Blink
  8912 | D:7      | Learned a level 1 spell: Confusing Touch
  8915 | D:7      | Learned a level 2 spell: Slow
  8918 | D:7      | Reached skill level 6 in Stealth
  8927 | D:7      | Noticed an eight-headed hydra
  9106 | D:6      | Found a deep blue altar of Sif Muna.
  9492 | D:7      | Reached skill level 1 in Hexes
 10100 | D:7      | Reached XP level 9. HP: 48/66 MP: 12/12
 10124 | D:7      | Reached skill level 5 in Hexes
 10210 | D:7      | Found a basalt altar of Yredelemnul.
 10535 | D:7      | Reached skill level 5 in Fighting
 11356 | D:8      | Found Gozag's Platinum Reserve.
 11390 | D:9      | Noticed a two-headed ogre
 11904 | D:8      | Reached skill level 7 in Stealth
 11938 | D:8      | Paralysed by a hornet for 3 turns
 11940 | D:8      | HP: 3/68 [hornet (14)]
 11940 | D:8      | Slain by a bullfrog

Skill      XL: |  1  2  3  4  5  6  7  8  9 |
---------------+----------------------------+-----
Spellcasting   | 2 |  2.3
Conjurations   | 5 |  5.1
Fighting       | 1 2 3 4 5 |  5.6
Stealth        | 1 2 3 4 6 7 |  7.0
Short Blades   | 1 2 3 4 |  4.9
Crossbows      | 1 2 3 4 |  4.6
Hexes          | 4 5 |  5.1
Throwing       | |  1.0
Necromancy     | |  2.1
Fire Magic     | |  1.0
Evocations     | |  1.0

Action                   |  1- 3 |  4- 6 |  7- 9 || total
-------------------------+-------+-------+-------++-------
Melee: Club              |    29 |       |       ||    29
       Dagger            |    27 |   237 |   239 ||   503
       Peck              |       |       |    75 ||    75
       Unarmed           |       |       |    33 ||    33
 Fire: Hunting sling     |       |       |     1 ||     1
       Hand crossbow     |       |       |     8 ||     8
Throw: Stone             |       |     2 |     6 ||     8
 Cast: Magic Dart        |    90 |    51 |   167 ||   308
       Sting             |       |    85 |    55 ||   140
       Confusing Touch   |       |       |    20 ||    20
       Slow              |       |       |     7 ||     7
  Use: Scroll            |       |     4 |     5 ||     9
       Potion            |       |       |    13 ||    13
 Stab: Sleeping          |       |     4 |    24 ||    28
       Confused          |       |       |    11 ||    11
  Eat: Chunk             |     2 |    13 |    13 ||    28
       Bread ration      |     1 |       |     2 ||     3
       Fruit             |       |     1 |       ||     1
       Royal jelly       |       |     1 |       ||     1
Armor: Robe              |    12 |    36 |    37 ||    85
Dodge: Dodged            |    60 |   201 |   181 ||   442
